 Dungeon Crawl Stone Soup version 0.31.0-7-gf635a9b802 (webtiles) character file.

Game seed: 5155471301599293960

31 Aldia the Charlatan (level 3, 0/18 HPs)
             Began as a Spriggan Artificer on Jan 23, 2024.
             Slain by a goblin
             ... wielding a +0 club
              (4 damage)
             ... on level 2 of the Dungeon.
             The game lasted 00:02:32 (616 turns).

Aldia the Charlatan (Spriggan Artificer)             Turns: 616, Time: 00:02:32

Health: 0/18       AC:  2    Str:  8    XL:     3   Next: 7%
Magic:  4/4        EV: 17    Int: 14    God:
Gold:   55         SH:  0    Dex: 15    Spells: 2/2 levels left

rFire   . . .        j - +0 dagger
rCold   . . .        (no shield)
rNeg    . . .        b - +0 robe
rPois   .            (helmet restricted)
rElec   .            (no cloak)
rCorr   .            (gloves unavailable)
SInv    +            (boots unavailable)
Will    .....        (no amulet)
Stlth   ++           (no ring)
HPRegen 0.23/turn    (no ring)
MPRegen 0.09/turn

%: no passive effects
@: very quick
A: very small, no large weapons, unfitting armour, see invisible, speed 3
a: no special abilities


You were on level 2 of the Dungeon.
You visited 1 branch of the dungeon, and saw 2 of its levels.

You collected 55 gold pieces.

Inventory:

Hand Weapons
 a - a +0 club
 f - a +2 long sword of protection
 j - a +0 dagger (weapon)
Armour
 b - a +0 robe (worn)
Wands
 c - a wand of flame (6) (quivered)
 d - a wand of charming (14)
 e - a wand of iceblast (4)
Scrolls
 g - a scroll of vulnerability {unknown}
Potions
 h - a potion of might {unknown}
 i - a potion of brilliance {unknown}
 k - a potion of lignification {unknown}


   Skills:
 - Level 1.0 Fighting
 * Level 1.0 Short Blades
 - Level 3.2 Dodging
 * Level 3.6 Stealth
 + Level 4.4 Evocations


You had 2 spell levels left.
You didn't know any spells.
Your spell library was empty.

Dungeon Overview and Level Annotations

Branches:
Dungeon (2/15)

Altars:

Shops:
D:1 :


Innate Abilities, Weirdness & Mutations

You are very small and have problems with some larger weapons.
You are too small for most types of armour.
You have supernaturally acute eyesight. (SInv)
You cover ground extremely quickly. (Speed+++)


Message History

The ball python bites you. The ball python misses you.
You hit the ball python.
The ball python is severely wounded.
The goblin hits Robin with a +0 club.
Robin dies!
The ball python barely misses you. The ball python misses you.
You hit the ball python.
You kill the ball python!
The hobgoblin barely misses you.
You barely miss the hobgoblin.
The hobgoblin hits you but does no damage.
You hit the hobgoblin.
The hobgoblin is severely wounded.
The hobgoblin barely misses you.
You barely miss the hobgoblin.
The hobgoblin is severely wounded.
The hobgoblin hits you.
You barely miss the hobgoblin.
The hobgoblin is severely wounded.
The hobgoblin closely misses you.
You hit the hobgoblin but do no damage.
The hobgoblin is severely wounded.
A goblin comes into view. It is wielding a +0 club.
The hobgoblin completely misses you.
You closely miss the hobgoblin.
The hobgoblin is severely wounded.
The hobgoblin misses you.
You closely miss the hobgoblin.
The hobgoblin is severely wounded.
The hobgoblin closely misses you.
You hit the hobgoblin.
The hobgoblin is almost dead.
The goblin hits you but does no damage. The hobgoblin hits you!
* * * LOW HITPOINT WARNING * * *
You are too injured to fight recklessly!
Unknown command.
You closely miss the hobgoblin.
The hobgoblin is almost dead.
The goblin hits you with a +0 club.
You die...

... .... #..#
...# ...# #..#
#>####).#####
#..g@gg†....#
....#####<).##?#
. #.......#
..........#
###...####..
...## . ....#
##..# #..#


You could see a hobgoblin (strong) and 2 goblins.

Vanquished Creatures
  4 ball pythons
  2 endoplasms (D:1)
  A giant cockroach (D:2)
  7 goblins
  4 hobgoblins
  2 kobolds (D:1)
  A quokka (D:1)
  3 frilled lizards
  4 rats (D:1)
28 creatures vanquished.

Vanquished Creatures (others)
  Robin (D:2)
1 creature vanquished.

Grand Total: 29 creatures vanquished

Notes
Turn   | Place    | Note
-------+----------+-------------------------------------------
     0 | D:1      | Aldia the Spriggan Artificer began the quest for the Orb.
     0 | D:1      | Reached XP level 1. HP: 9/9 MP: 2/2
    31 | D:1      | Found Tiamawerph's Book Boutique.
   130 | D:1      | Reached skill level 1 in Fighting
   197 | D:1      | Reached XP level 2. HP: 9/14 MP: 3/3
   592 | D:2      | Noticed Robin
   600 | D:2      | Reached skill level 1 in Short Blades
   600 | D:2      | Reached XP level 3. HP: 13/18 MP: 4/4
   606 | D:2      | Your ally Robin died
   616 | D:2      | Slain by a goblin

Illustrated notes

Levels and vault maps discovered:
D:1:      co_arrival_square_in_a_square_in_a_square, layout_basic, serial_shops,
          shop
D:2:      kennysheep_six_static_rooms, layout_loops_ring, minmay_pentomino_x2,
          uniq_robin

Skill      XL: |  1  2 |
---------------+-------+-----
Stealth        | 2 3 |  3.6
Fighting       | 1 |  1.0
Short Blades   | 1 |  1.0
Dodging        | |  3.2
Evocations     | |  4.4

Action                     || total
---------------------------++-------
  Melee: Long sword        ||    24
         Dagger            ||    42
  Evoke: Wand              ||    11
   Stab: Sleeping          ||     3
 Armour: Robe              ||    18
  Dodge: Dodged            ||    73
